 Dungeon Crawl Stone Soup version 0.30-a0-830-gfe289a77b0 (webtiles) character file.

Game seed: 3049264605869418870

163 bande the Covered (level 5, -4/33 HPs)
             Began as a Gargoyle Fighter on Feb 28, 2023.
             Slain by an ogre
             ... wielding a +0 giant club
              (22 damage)
             ... on level 3 of the Dungeon.
             The game lasted 00:01:45 (1698 turns).

bande the Covered (Gargoyle Fighter)                Turns: 1698, Time: 00:01:45

Health: -4/33      AC: 11    Str: 20    XL:     5   Next: 44%
Magic:  5/5        EV:  9    Int:  8    God:
Gold:   117        SH:  4    Dex: 11    Spells: 4/4 levels left

rFire   . . .      SeeInvis .    a - +0 war axe
rCold   . . .      Faith    .    c - +0 buckler
rNeg    + . .      Spirit   .    b - +0 scale mail
rPois   ∞          Reflect  .    (no helmet)
rElec   +          Harm     .    (no cloak)
rCorr   .          Rampage  .    (no gloves)
Will    .....                    (no boots) Stlth
                                 (no amulet)
HPRegen 0.25/turn                (no ring)
MPRegen 0.09/turn                (no ring)

@: no status effects
A: sickness immunity, AC +4, negative energy resistance 1, electricity
resistance, torment resistance 1, petrification resistance
a: no special abilities


You were on level 3 of the Dungeon.
You visited 1 branch of the dungeon, and saw 3 of its levels.

You collected 117 gold pieces.

Inventory:

Hand Weapons
 a - a +0 war axe (weapon)
Armour
 b - a +0 scale mail (worn)
 c - a +0 buckler (worn)
Jewellery
 f - an amulet of reflection
 k - a +6 ring of intelligence
Scrolls
 e - a scroll of identify {unknown}
 g - 2 scrolls of teleportation {unknown}
 h - a scroll of enchant weapon {unknown}
 i - a scroll of fear {unknown}
 j - a scroll of fog {unknown}
 l - a scroll of torment {unknown}
 m - a scroll of magic mapping {unknown}
 n - a scroll of noise {unknown}
Potions
 d - a potion of might


   Skills:
 + Level 4.0 Fighting
 + Level 3.6 Axes
 + Level 4.1 Armour
 + Level 4.0 Shields


You had 4 spell levels left.
You didn't know any spells.
Your spell library was empty.

Dungeon Overview and Level Annotations

Branches:
Dungeon (3/15)

Altars:


Innate Abilities, Weirdness & Mutations

You are immune to sickness and miasma.
Your stone body is resilient. (AC +4)
You are immune to poison.
You resist negative energy. (rN+)
You are resistant to electric shocks. (rElec)
You are resistant to unholy torment.
You are immune to petrification.


Message History

You destroy the phantom!
Your Fighting skill increases to level 4!
Your Armour skill increases to level 4!
Your Shields skill increases to level 4!
You have reached level 5!
You start resting.
HP restored.
You start waiting.
Done waiting.
n - a scroll labelled YSOILAA BUODE You now have 117 gold pieces (gained 6).
A hobgoblin comes into view.
The hobgoblin shouts!
A hobgoblin is nearby!
An ogre comes into view. It is wielding a +0 giant club.
The ogre shouts!
You hear a shout!
The hobgoblin hits you.
You barely miss the hobgoblin. The hobgoblin closely misses you.
The hobgoblin completely misses you.
You hit the hobgoblin but do no damage. The hobgoblin closely misses you.
A hobgoblin comes into view.
You hit the ogre.
The ogre is lightly wounded.
You slash the hobgoblin!
You kill the hobgoblin!
The ogre hits you with a +0 giant club!
You barely miss the ogre. The ogre closely misses you.
You slash the ogre!
The ogre is moderately wounded.
The ogre hits you with a +0 giant club.
You barely miss the ogre.
The ogre is moderately wounded.
The ogre completely misses you.
Unknown command.
You hit the ogre but do no damage.
The ogre is moderately wounded.
You hit the hobgoblin. The hobgoblin barely misses you.
The ogre hits you with a +0 giant club!!
Ouch! That really hurt!
You die...

.....## #.#
......####.####
.......#......
.........#..#
.......###..#
............#####
)......#........####
............#.#....##.#
........#.#.....@†....#
..........<....gO.......
........######.#.####.#.
........# ...#..#
............$..##.#
................ ..
................ ...
................ ....
.......(......


You could see an ogre and a hobgoblin.

Vanquished Creatures
  A phantom (D:3)
  4 adders
  3 dart slugs
  An orc (D:3)
  5 endoplasms (D:1)
  2 giant cockroaches (D:1)
  3 goblins
  5 hobgoblins
  5 kobolds
  A quokka (D:3)
  4 ball pythons
  6 bats
  3 frilled lizards
  5 rats
48 creatures vanquished.

Notes
Turn   | Place    | Note
-------+----------+-------------------------------------------
     0 | D:1      | bande the Gargoyle Fighter began the quest for the Orb.
     0 | D:1      | Reached XP level 1. HP: 14/14 MP: 1/1
   307 | D:1      | Reached XP level 2. HP: 19/19 MP: 2/2
   454 | D:1      | Reached XP level 3. HP: 23/23 MP: 3/3
   457 | D:1      | Found a faded altar of an unknown god.
  1130 | D:2      | Reached XP level 4. HP: 29/29 MP: 4/4
  1464 | D:3      | Noticed a phantom
  1476 | D:3      | Killed a phantom
  1477 | D:3      | Reached XP level 5. HP: 12/33 MP: 5/5
  1689 | D:3      | Noticed an ogre
  1698 | D:3      | Slain by an ogre

Illustrated notes

Levels and vault maps discovered:
D:1:      sevenhm_arrival_forest_fort_large_4, layout_basic,
          ebering_ecumenical_altar_box
D:2:      layout_basic
D:3:      cheibrodos_greedy_goblins, layout_rooms, nicolae_ru_path_of_blood

Skill      XL: |  1  2  3  4 |
---------------+-------------+-----
Axes           | 2 3 |  3.6
Fighting       | 4 |  4.0
Armour         | 4 |  4.1
Shields        | 4 |  4.0

Action                     |  1- 3 |  4- 6 || total
---------------------------+-------+-------++-------
  Melee: War axe           |   115 |    40 ||   155
 Armour: Scale mail        |    71 |    21 ||    92
  Dodge: Dodged            |    67 |    31 ||    98
  Block: Buckler           |    29 |     7 ||    36

Table legend: (Time is in decaauts)
 A = Elapsed time spent in this place.
 B = Non-inter-level travel time spent in this place.
 C = Inter-level travel time spent in this place.
 D = Time resting spent in this place.
 E = Time spent auto-exploring this place.
 F = Levels seen in this place.
 G = Mean time per level.
                   A        B        C        D        E       F      G
               +--------+--------+--------+--------+--------+-----+--------+
         Total |   1761 |   1719 |     42 |    430 |    909 |   3 |  587.0 |
       Dungeon |   1761 |   1719 |     42 |    430 |    909 |   3 |  587.0 |
               +--------+--------+--------+--------+--------+-----+--------+

Top non-repeatable levels by time:
     D:1: 890 daAuts
     D:2: 605 daAuts
     D:3: 264 daAuts
